 Dungeon Crawl Stone Soup version 0.18.1-47-g9310371 (webtiles) character file.

345 sarahorange the Conjurer (level 6, -12/33 HPs)
             Began as a Deep Elf Conjurer on June 21, 2016.
             Killed by miscasting Iskenderun's Battlesphere (45 damage)
             ... on level 3 of the Dungeon.
             The game lasted 00:32:20 (4609 turns).

sarahorange the Conjurer (Deep Elf Conjurer)        Turns: 4609, Time: 00:32:21

Health: -12/33     AC:  4    Str:  6    XL:     6   Next: 32%
Magic:  12/17      EV: 13    Int: 21    God:
Gold:   187        SH:  0    Dex: 15    Spells: 5 memorised, 2 levels left

rFire  . . .     SeeInvis .     q - +1 dagger (venom)
rCold  . . .     Gourm    .     a - +0 robe
rNeg   . . .     Faith    .     (no shield)
rPois  .         Spirit   .     t - +2 hat
rElec  .         Dismiss  .     (no cloak)
rCorr  .         Reflect  .     (no gloves)
SustAt .         Harm     .     (no boots)
MR     .....                    (no amulet)
Stlth  ++........               (no ring)
                                (no ring)

@: very slightly contaminated, not resistant to hostile enchantments, unstealthy
A: no striking features
a: no special abilities


You were on level 3 of the Dungeon.
You were not hungry.

You visited 1 branch of the dungeon, and saw 3 of its levels.

You collected 187 gold pieces.

Inventory:

Hand Weapons
 e - a +0 short sword
 q - a +1 dagger of venom (weapon)
Missiles
 l - 8 javelins
 m - 6 tomahawks (quivered)
Armour
 a - a +0 robe (worn)
 t - a +2 hat (worn)
Scrolls
 i - 2 scrolls of amnesia
 n - a scroll of blinking
 o - a scroll of enchant weapon {unknown}
 p - a scroll of immolation {unknown}
 r - a scroll of random uselessness {unknown}
 v - a scroll of enchant armour
 x - a scroll of remove curse
Potions
 g - 2 potions of might
 h - a potion of brilliance {unknown}
 k - a potion of haste {unknown}
 s - a potion of curing
 u - a potion of invisibility {unknown}
Books
 b - a book of Conjurations

   Spells                             Type                      Level
   a - Magic Dart                     Conjuration                  1
   b - Searing Ray                    Conjuration                  2
   c - Dazzling Spray                 Conjuration/Hexes            3
   d - Fulminant Prism                Conjuration/Hexes            4
   e - Iskenderun's Mystic Blast      Conjuration                  4
   f - Iskenderun's Battlesphere      Conjuration/Charms           5
Comestibles
 c - 2 chunks of flesh
 f - 3 meat rations


   Skills:
 + Level 0.5 Fighting
 + Level 0.2 Throwing
 + Level 3.2 Dodging
 + Level 3.3 Stealth
 + Level 6.0 Spellcasting
 + Level 6.4 Conjurations


You had 2 spell levels left.
You knew the following spells:

 Your Spells              Type           Power        Failure   Level  Hunger
a - Magic Dart            Conj           ####         1%          1    None
b - Searing Ray           Conj           ####..       1%          2    None
c - Dazzling Spray        Conj/Hex       ###...       10%         3    ##.....
d - Iskenderun's Mystic   Conj           ####....     10%         4    ####...
e - Iskenderun's Battles  Conj/Chrm      ###.....     78%         5    #####..


Dungeon Overview and Level Annotations

Branches:
Dungeon (3/15)

Altars:


Message History

You see here a giant gecko corpse.
You butcher the giant gecko corpse.
c - 2 chunks of flesh You start resting.
Magic restored.
Casting: Magic Dart
Confirm with . or Enter, or press ? or * to list all spells.
The spell is very dangerous to cast!
Continue anyway?
Okay, then.
Casting: Magic Dart
Confirm with . or Enter, or press ? or * to list all spells.
The spell is very dangerous to cast!
Continue anyway?
Uppercase [Y]es or [N]o only, please.
The spell is very dangerous to cast!
Continue anyway?
You miscast Iskenderun's Battlesphere.
You are very lightly contaminated with residual magic.
There is a sudden explosion of magical energy!
The explosion engulfs you!
Ouch! That really hurt!
You die...

#.....)......###..###
###.##.##.........#.. .
#...............#.##.
#.######.#........###..#...
#................####..#.#####
#.............................
.........#....................
.....###.#...[................
...#. #.#...@...........###..
#...#.###............#..#.# ###
#....(..................#.## #
#...#.#.#.#..#..............# #
.##...#.#.#.#..#...#...#.##.###
# ...........................#
# ###......................##.#
# ...........>.......#..##..#.#
# #....(#....#.............#.#


There were no monsters in sight!

Vanquished Creatures
  An ogre (D:2)
  The ghost of LinoAlbertino the Conjurer, an amateur DgCj (D:3)
  Terence (D:2)
  Ijyb (D:2)
  5 adders
  4 worms
  5 dart slugs
  2 giant geckos
  5 orcs (D:3)
  4 giant cockroaches
  5 goblins
  6 hobgoblins
  3 jackals (D:1)
  5 kobolds
  A ball python (D:3)
  7 bats
  4 giant newts
  5 rats
65 creatures vanquished.

Notes
Turn   | Place    | Note
--------------------------------------------------------------
     0 | D:1      | sarahorange the Deep Elf Conjurer began the quest for the Orb.
     0 | D:1      | Reached XP level 1. HP: 10/10 MP: 6/6
   459 | D:1      | Reached XP level 2. HP: 15/15 MP: 5/8
   463 | D:1      | Learned a level 2 spell: Searing Ray
   641 | D:1      | Reached skill level 5 in Conjurations
   974 | D:1      | Reached XP level 3. HP: 19/19 MP: 2/9
  1165 | D:2      | Learned a level 3 spell: Dazzling Spray
  1226 | D:2      | Noticed Ijyb
  1232 | D:2      | Killed Ijyb
  1456 | D:2      | Reached XP level 4. HP: 22/24 MP: 7/11
  1567 | D:2      | Noticed Terence
  1571 | D:2      | Killed Terence
  1986 | D:3      | Learned a level 4 spell: Iskenderun's Mystic Blast
  2010 | D:3      | Noticed LinoAlbertino's ghost (amateur DgCj)
  2268 | D:3      | Reached XP level 5. HP: 28/28 MP: 10/13
  3997 | D:2      | Noticed an ogre
  4003 | D:2      | Killed an ogre
  4003 | D:2      | Reached skill level 5 in Spellcasting
  4070 | D:3      | HP: 1/28 [LinoAlbertino's ghost (6)]
  4438 | D:3      | Killed LinoAlbertino's ghost
  4438 | D:3      | Reached XP level 6. HP: 19/33 MP: 6/16
  4572 | D:3      | Learned a level 5 spell: Iskenderun's Battlesphere
  4609 | D:3      | Killed by miscasting Iskenderun's Battlesphere

Skill      XL: |  1  2  3  4  5  6 |
---------------+-------------------+-----
Conjurations   | 5 6 |  6.4
Spellcasting   | 4 5 6 |  6.0
Dodging        | 3 |  3.2
Stealth        | 3 |  3.3
Fighting       | |  0.5
Throwing       | |  0.2

Action                   |  1- 3 |  4- 6 || total
-------------------------+-------+-------++-------
Melee: Dagger            |     7 |    10 ||    17
Throw: Javelin           |     3 |       ||     3
 Cast: Magic Dart        |    67 |    90 ||   157
       Searing Ray       |       |     8 ||     8
       Dazzling Spray    |       |     4 ||     4
  Use: Scroll            |     4 |     6 ||    10
       Potion            |     1 |     1 ||     2
  Eat: Chunk             |     1 |     3 ||     4
       Bread ration      |       |     1 ||     1
       Pizza             |       |     1 ||     1
       Beef jerky        |       |     1 ||     1
Armor: Robe              |     7 |       ||     7
Dodge: Dodged            |    13 |    15 ||    28
